 Dungeon Crawl Stone Soup version 0.30.0-15-g856e2d3f33 (webtiles) character file.

Game seed: 2681559817041060818

61 qw the Chopper (level 4, -1/28 HPs)
             Began as a Gargoyle Fighter on May 21, 2023.
             Slain by a gnoll
             ... wielding a +0 spear
              (2 damage)
             ... on level 2 of the Dungeon.
             The game lasted 00:00:56 (1130 turns).

qw the Chopper (Gargoyle Fighter)                   Turns: 1130, Time: 00:00:56

Health: -1/28      AC: 11    Str: 22    XL:     4   Next: 7%
Magic:  4/4        EV:  9    Int:  8    God:
Gold:   44         SH:  4    Dex:  9    Spells: 3/3 levels left

rFire   . . .        Y - +0 war axe
rCold   . . .        c - +0 buckler
rNeg    + . .        b - +0 scale mail
rPois   inf          (no helmet)
rElec   +            (no cloak)
rCorr   .            (no gloves)
SInv    .            h - +0 pair of boots
Will    .....        (no amulet) Stlth
                     (no ring)
HPRegen 0.24/turn    (no ring)
MPRegen 0.09/turn

%: no passive effects
@: no status effects
A: sickness immunity, AC +3, negative energy resistance 1, electricity
resistance, torment resistance 1, petrification resistance
a: no special abilities


You were on level 2 of the Dungeon.
You visited 1 branch of the dungeon, and saw 2 of its levels.

You collected 44 gold pieces.


Innate Abilities, Weirdness & Mutations

You are immune to sickness and miasma.
Your stone body is resilient. (AC +3)
You are immune to poison.
You resist negative energy. (rN+)
You are resistant to electric shocks. (rElec)
You are resistant to unholy torment.
You are immune to petrification.


   Skills:
 - Level 3.2 Fighting
 + Level 3.8 Axes
 - Level 3.2 Armour
 - Level 3.2 Shields


You had 3 spell levels left.
You didn't know any spells.
Your spell library was empty.

Inventory:

Hand Weapons
 n - a +0 mace
 Y - a +0 war axe (weapon)
Armour
 b - a +0 scale mail (worn)
 c - a +0 buckler (worn)
 e - a +0 helmet
 h - a +0 pair of boots (worn)
Potions
 d - a potion of might
 m - a potion of curing {unknown}

Dungeon Overview and Level Annotations

Branches:
Dungeon (2/15)

Altars:


Message History

As you read the scroll of teleportation, it crumbles to dust.
You feel strangely unstable. The gnoll hits you but does no damage.
1058 ||| DRINKING potion of heal wounds.
You feel much better. The gnoll hits you but does no damage.
You barely miss the gnoll.
The gnoll is almost dead.
Your surroundings suddenly seem different.
You start resting.
HP restored.
Things that are here:
a +0 dagger; 4 stones You see here a giant cockroach corpse.
The gnoll shouts! x2
The gnoll hits you but does no damage.
You closely miss the gnoll. The gnoll hits you with a +0 flail.
A rat comes into view.
You barely miss the gnoll. The gnoll hits you with a +0 flail.
You closely miss the gnoll. The gnoll hits you with a +0 flail!
The gnoll hits you from afar with a +0 spear.
The gnoll hits you with a +0 flail!
You closely miss the gnoll.
The gnoll hits you but does no damage. x2
A bat comes into view.
You slash the gnoll!
The gnoll is almost dead.
The gnoll hits you with a +0 flail. The gnoll closely misses you.
You closely miss the gnoll.
The gnoll is almost dead.
The gnoll hits you but does no damage. You block the gnoll's attack.
The gnoll hits you from afar with a +0 spear.
The gnoll completely misses you.
You hit the gnoll.
You kill the gnoll!
The gnoll hits you from afar with a +0 spear.
You die...

#.# #. #.# #. #.# #.
#.#####. #.....#. .
#########.... ...
#..........[.
....r########.####..#...#
..>.ggg)@.....# #..##.##
.###b########## #..##.#
#..##.# ########..##.#
#####....).....#.#
#.)...######...#.#
#)##### #...#.# #.#
###<..#.## #.# #.........


You could see 3 gnolls, a bat and a rat.

Vanquished Creatures
  Robin (D:2)
  A gnoll (D:2)
  A worm (D:2)
  4 giant cockroaches (D:2)
  11 goblins
  4 hobgoblins
  3 quokkas (D:1)
  3 ball pythons
  6 bats
  4 frilled lizards
  4 kobolds
  4 rats
46 creatures vanquished.

Notes
Turn   | Place    | Note
-------+----------+-------------------------------------------
     0 | D:1      | qw the Gargoyle Fighter began the quest for the Orb.
     0 | D:1      | Reached XP level 1. HP: 14/14 MP: 1/1
     0 | D:1      | 0 ||| qw: Version: 0.2-a-98-g16b38d9
     0 | D:1      | 0 ||| qw: Game counter: 20
     0 | D:1      | 0 ||| qw: Always use a shield: true
     0 | D:1      | 0 ||| qw: God list: Okawaru
     0 | D:1      | 0 ||| qw: Allow faded altars: false
     0 | D:1      | 0 ||| qw: Do Orc after D:15 true
     0 | D:1      | 0 ||| qw: Do second Lair branch before Depths: true
     0 | D:1      | 0 ||| qw: Lair rune preference: random
     0 | D:1      | 0 ||| qw: Plans: Normal, Zot:1-4, God:TSO, Crypt, Tomb,
                  | Pan, Slime:5, Hells, Abyss, Win
     0 | D:1      | 0 ||| PLANNING D:1-11
   136 | D:1      | Reached XP level 2. HP: 19/19 MP: 2/2
   160 | D:1      | 160 ||| Stepping ~*~*~tactically~*~*~ (hiding).
   242 | D:1      | 242 ||| Stepping ~*~*~tactically~*~*~ (stealth).
   349 | D:1      | 349 ||| DROPPING +0 club.
   458 | D:1      | 458 ||| UPGRADING to +0 pair of boots.
   463 | D:1      | 463 ||| READING scroll labelled HILETT PETIH.
   468 | D:1      | 468 ||| READING scroll labelled KEOSSI OFFER.
   469 | D:1      | 469 ||| READING scroll labelled RINI NYDAHORU.
   470 | D:1      | 470 ||| READING scroll labelled RIBRAL MIFA.
   471 | D:1      | 471 ||| READING scroll labelled PYGOAFF LUEN.
   472 | D:1      | 472 ||| DRINKING 2 fuming sapphire potions.
   501 | D:2      | Reached skill level 3 in Axes
   501 | D:2      | Reached XP level 3. HP: 21/23 MP: 3/3
   603 | D:2      | 603 ||| Stepping ~*~*~tactically~*~*~ (stealth).
   612 | D:2      | 612 ||| Stepping ~*~*~tactically~*~*~ (stealth).
   631 | D:2      | 631 ||| Stepping ~*~*~tactically~*~*~ (stealth).
   632 | D:2      | Noticed Robin
   633 | D:2      | 633 ||| Stepping ~*~*~tactically~*~*~ (hiding).
   642 | D:2      | Killed Robin
   851 | D:2      | 851 ||| Stepping ~*~*~tactically~*~*~ (hiding).
   864 | D:2      | Reached XP level 4. HP: 27/28 MP: 4/4
   978 | D:2      | Found a faded altar of an unknown god.
  1056 | D:2      | HP: 3/28 [gnoll/+0 flail (5)]
  1057 | D:2      | 1057 ||| READING scroll of teleportation.
  1058 | D:2      | 1058 ||| DRINKING potion of heal wounds.
  1126 | D:2      | HP: 6/28 [gnoll/+0 flail (7)]
  1129 | D:2      | HP: 1/28 [gnoll/+0 spear (4)]
  1130 | D:2      | Slain by a gnoll

Levels and vault maps discovered:
D:1:      minmay_arrival_solitary_statue, layout_rooms
D:2:      layout_loops_ring, shapermc_ecumenical_altar_mp_vishouse,
          minmay_worlds_worst_comb, uniq_crazy_yiuf_cottage, uniq_robin

Skill      XL: |  1  2 |
---------------+-------+-----
Axes           | 2 3 |  3.8
Fighting       | |  3.2
Armour         | |  3.2
Shields        | |  3.2

Action                     |  1- 3 |  4- 6 || total
---------------------------+-------+-------++-------
  Melee: War axe           |   145 |    27 ||   172
    Use: Scroll            |     5 |     1 ||     6
         Potion            |     1 |     1 ||     2
 Armour: Scale mail        |    83 |    14 ||    97
  Dodge: Dodged            |    78 |    10 ||    88
  Block: Buckler           |    28 |     4 ||    32

Table legend:
 A = Non-vault XP
 B = Vault XP
 C = Vault XP percentage of total XP
 D = Non-vault monster count
 E = Vault monster count
 F = Vault count percentage of total count
                 A         B        C        D         E       F
            +---------+---------+-------+---------+---------+-------
      Total |      60 |      41 |  40.6 |      32 |      14 |  30.4
            +---------+---------+-------+---------+---------+-------
        D:1 |      29 |       0 |   0.0 |      21 |       0 |   0.0
        D:2 |      31 |      41 |  56.9 |      11 |      14 |  56.0
            +---------+---------+-------+---------+---------+-------
